Map: [ESL] Moondance

Players

gumiho

  • Race: Terran Terran
  • Spawn Location: 12:00

Zoun - Winner!

  • Race: Protoss Protoss
  • Spawn Location: 6:00

Event: HomeStory Cup XXI

VOD

Have the link to the VOD?

Description

Time

  • Played on: July 23, 2022, 3:48 p.m.
  • Length: 17:23

All games in this series

Show
View Real Time Build Order
Export as new Build Order

gumiho Terran 

Build Orders:  

Get SALT Encoding   

  12  0:00  SCV  
  13  0:12  SCV  
  14  0:17  Supply Depot  
  14  0:24  SCV  
  15  0:38  SCV  
  15  0:39  Barracks  
  16  0:43  Refinery  
  16  0:50  SCV  
  16  0:52  Refinery  
  17  1:03  SCV  
  18  1:12  Supply Depot  
  18  1:15  SCV  
  19  1:26  Reaper  
  19  1:27  Orbital Command  
  20  1:41  Factory  
  20  1:53  SCV  
  21  1:58  Reaper  
  22  2:05  SCV  
  23  2:17  SCV  
  23  2:21  Command Center  
  24  2:26  Hellion  
  26  2:30  SCV, Reaper  
  26  2:35  Supply Depot  
  28  2:42  SCV  
  29  2:48  Hellion  
  31  2:52  Starport  
  31  2:56  SCV  
  32  3:06  Barracks Reactor  
  32  3:08  SCV  
  32  3:11  Factory Tech Lab  
  33  3:20  SCV  
  32  3:28  Refinery  
  32  3:29  Cyclone  
  35  3:39  Viking  
  35  3:40  Orbital Command, SCV  
  38  3:45  Marine x2  
  39  3:52  SCV  
  40  3:59  Supply Depot  
  40  4:03  Siege Tank, Marine x2  
  40  4:04  SCV  
  40  4:06  SCV  
  40  4:09  Starport Tech Lab  
  47  4:16  SCV  
  48  4:18  SCV  
  48  4:22  Marine x2  
  51  4:27  Supply Depot  
  51  4:28  SCV  
  51  4:30  SCV  
  51  4:31  Banshee  
  56  4:42  SCV x2  
  58  4:47  Marine x2  
  58  4:49  Siege Tank  
  63  4:53  Supply Depot  
  63  4:54  SCV  
  63  4:55  SCV  
  63  4:58  Supply Depot  
  65  5:05  Marine x2  
  65  5:06  SCV  
  69  5:07  SCV  
  69  5:15  Banshee  
  69  5:17  Command Center  
  71  5:23  Marine x2  
  68  5:30  Siege Tank  
  68  5:33  SCV  
  66  5:36  SCV  
  66  5:42  Marine x2  
  67  5:45  SCV  
  65  5:50  SCV  
  63  5:58  SCV  
  63  6:03  SCV  
  62  6:04  Cloaking Field  
  62  6:10  SCV  
  62  6:15  SCV  
  63  6:22  SCV, Siege Tank  
  65  6:27  SCV  
  65  6:29  Orbital Command  
  65  6:33  Marine x2  
  65  6:34  Raven, SCV  
  65  6:39  SCV  
  71  6:46  SCV  
  70  6:51  SCV, Marine x2  
  70  6:52  Bunker  
  62  6:54  Siege Tank  
  62  6:58  SCV  
  66  7:03  SCV  
  66  7:05  SCV  
  65  7:10  SCV, Marine x2  
  65  7:15  SCV  
  66  7:16  Banshee  
  66  7:17  SCV  
  66  7:18  Barracks x2  
  66  7:22  SCV  
  71  7:26  Siege Tank  
  71  7:27  SCV, Marine  
  71  7:28  Marine  
  77  7:35  Barracks  
  77  7:36  SCV x2  
  79  7:39  SCV  
  76  7:45  Marine x2  
  70  7:55  SCV x2  
  72  7:58  Siege Tank  
  72  7:59  Banshee  
  72  8:02  SCV  
  72  8:03  Marine x2  
  81  8:07  SCV x2  
  81  8:09  Engineering Bay, Barracks Tech Lab x2  
  81  8:10  Engineering Bay  
  83  8:14  SCV  
  83  8:18  Barracks  
  83  8:19  SCV  
  85  8:21  Marine x2  
  85  8:22  Refinery  
  85  8:23  Barracks Reactor  
  85  8:26  Refinery  
  87  8:27  Bunker  
  87  8:30  SCV x2  
  87  8:31  SCV  
  87  8:33  Supply Depot  
  90  8:34  Supply Depot  
  90  8:35  Supply Depot, Terran Infantry Weapons Level 1  
  90  8:36  Terran Infantry Armor Level 1  
  90  8:40  Marine x4  
  94  8:42  Stimpack  
  94  8:45  Combat Shield  
  94  8:47  SCV x2  
  96  8:55  Starport Reactor  
  96  8:57  Marine x2  
  96  8:58  Marine  
  96  9:00  Siege Tank  
  95  9:07  SCV x3  
  95  9:08  Marine x3  
  99  9:17  Marine x2  
  99  9:19  SCV x2  
  99  9:29  Marine x2  
  101  9:34  Missile Turret  
  101  9:36  Supply Depot x2, Marine x2  
  101  9:37  Siege Tank, Marauder x2  
  110  9:38  Medivac x2  
  110  9:41  Armory  
  110  9:44  Missile Turret, Command Center  
  114  9:49  Missile Turret, Supply Depot x2  
  114  9:50  Supply Depot, Marine, Marauder  
  114  9:51  Marine  
  118  9:57  SCV x3  
  121  10:00  Marauder  
  123  10:10  Medivac x2  
  123  10:13  Marine, Marauder  
  127  10:17  Marine, Marauder  
  127  10:20  Marine x2  
  132  10:23  Concussive Shells  
  132  10:30  Terran Infantry Weapons Level 2, Terran Vehicle Weapons Level 1  
  132  10:36  Terran Infantry Armor Level 2  
  132  10:43  Marine x4  
  132  10:44  Marine  
  132  10:46  Marine  
  126  10:59  Marine  
  126  11:01  Marine x4, Medivac x2  
  132  11:09  Siege Tank  
  132  11:10  Marauder x2  
  138  11:17  Marine  
  139  11:19  Marine, Sensor Tower  
  139  11:22  Marine x3  
  143  11:30  Missile Turret, Planetary Fortress  
  143  11:31  Marauder  
  145  11:33  Viking  
  145  11:35  Viking  
  149  11:40  SCV  
  149  11:41  SCV x2  
  149  11:42  Marine x2  
  149  11:43  Marine  
  149  11:44  Marine  
  156  11:47  Marine x2  
  156  11:52  Marine  
  159  11:59  Missile Turret  
  159  12:05  Supply Depot  
  159  12:06  Supply Depot  
  159  12:07  Ghost Academy  
  159  12:08  Marine  
  159  12:09  Marine x5  
  159  12:10  Marine  
  159  12:11  Refinery  
  159  12:17  Refinery  
  159  12:21  Siege Tank  
  143  12:23  Viking x2  
  143  12:26  Marine x3  
  143  12:27  Marine x2  
  147  12:31  Marine  
  147  12:32  Marauder  
  150  12:41  Supply Depot  
  150  12:44  Marine  
  150  12:47  Enhanced Shockwaves  
  150  12:49  Terran Infantry Weapons Level 3  
  151  12:51  Ghost  
  151  12:53  Viking x2  
  157  13:02  Barracks  
  157  13:03  Supply Depot  
  157  13:04  Barracks  
  157  13:06  Barracks, Terran Infantry Armor Level 3  
  157  13:07  Command Center  
  157  13:09  Marine x3  
  160  13:15  Terran Ship Weapons Level 1  
  160  13:19  Marine x2  
  161  13:20  Marine x2  
  161  13:23  Viking  
  161  13:26  SCV x3  
  169  13:30  Bunker  
  169  13:35  Sensor Tower  
  169  13:37  Ghost x2  
  169  13:38  Ghost, SCV x3  
  178  13:42  Widow Mine  
  178  13:46  Medivac  
  182  13:53  Medivac  
  182  13:54  Barracks Tech Lab  
  182  13:55  Barracks Tech Lab x2  
  172  14:06  Marauder  
  172  14:07  Marauder x2  
  151  14:12  Marine x3  
  130  14:20  Marine x2  
  130  14:21  Marauder x2  
  125  14:25  Siege Tank  
  125  14:26  Viking x2  
  125  14:28  Marine, Marauder x2  
  125  14:30  Marine x2  
  137  14:34  Marine  
  138  14:38  Marine  
  138  14:39  Marauder  
  138  14:42  Marauder x2  
  145  14:45  Orbital Command  
  145  14:46  Marauder  
  145  14:47  Orbital Command  
  145  14:49  Marauder  
  145  14:51  SCV x2  
  151  14:54  Marine, Marauder  
  154  15:00  Marauder  
  154  15:03  SCV  
  157  15:09  Marine  
  157  15:10  Marine x3  
  157  15:12  Marine, Marauder x2  
  166  15:16  Supply Depot  
  166  15:18  Supply Depot  
  166  15:26  Medivac x2  
  142  15:47  Marine, Marauder x5  
  153  15:52  SCV x2  
  153  15:56  Medivac x2  
  154  16:06  Marauder  
  154  16:08  Marauder  
  154  16:10  Marauder  
  148  16:12  Marine x2  
  148  16:17  SCV x2  
  151  16:22  Marine  
  151  16:23  Marauder  
  154  16:27  Marauder  
  154  16:30  Marauder  
  140  16:46  Marauder x3  
  106  16:53  Marine x2  
  106  16:54  Marauder  
  94  16:55  Marauder  
Show
View Real Time Build Order
Export as new Build Order

Zoun Protoss - Winner!

Build Orders: 1 Gate Expand, Oracle Opening 

Get SALT Encoding   

  12  0:00  Probe  
  13  0:12  Probe  
  14  0:16  Pylon  
  14  0:24  Probe (Chrono Boost)  
  16  0:36  Probe (Chrono Boost), Gateway  
  16  0:43  Probe (Chrono Boost)  
  16  0:45  Assimilator  
  17  0:50  Probe  
  18  1:03  Probe  
  19  1:15  Probe  
  20  1:24  Cybernetics Core  
  20  1:32  Nexus  
  20  1:35  Probe  
  21  1:43  Pylon  
  21  1:47  Probe  
  21  1:50  Assimilator  
  22  1:58  Adept (Chrono Boost)  
  22  2:00  Probe  
  24  2:12  Probe  
  25  2:18  Stargate  
  25  2:22  Adept  
  25  2:24  Probe  
  28  2:32  Warp Gate  
  28  2:38  Probe (Chrono Boost)  
  29  2:44  Probe (Chrono Boost)  
  29  2:50  Probe (Chrono Boost)  
  31  2:52  Adept  
  31  2:53  Probe (Chrono Boost)  
  31  2:55  Probe (Chrono Boost)  
  35  2:58  Probe (Chrono Boost)  
  35  3:02  Oracle (Chrono Boost)  
  39  3:07  Probe  
  39  3:11  Probe  
  41  3:19  Probe  
  42  3:20  Gateway  
  42  3:23  Pylon  
  42  3:29  Probe  
  42  3:37  Probe  
  41  3:42  Oracle (Chrono Boost)  
  41  3:45  Probe  
  45  3:49  Probe  
  45  3:52  Twilight Council  
  46  3:57  Probe  
  46  4:02  Nexus  
  47  4:04  Probe  
  48  4:10  Assimilator  
  48  4:12  Probe, Shield Battery  
  49  4:17  Oracle (Chrono Boost)  
  49  4:21  Probe  
  53  4:24  Probe  
  53  4:28  Pylon  
  54  4:35  Gateway  
  54  4:36  Probe  
  54  4:40  Probe  
  53  4:47  Stalker x2, Pylon  
  53  4:49  Probe  
  53  4:52  Blink (Chrono Boost)  
  58  4:56  Gateway  
  58  5:00  Probe  
  58  5:01  Probe  
  60  5:10  Pylon  
  60  5:12  Probe  
  60  5:13  Probe, Robotics Facility  
  62  5:15  Assimilator  
  62  5:16  Probe  
  62  5:18  Stalker  
  62  5:25  Stalker  
  64  5:28  Probe  
  64  5:29  Probe  
  64  5:33  Probe  
  66  5:40  Probe  
  66  5:41  Probe  
  68  5:43  Stalker  
  68  5:49  Probe  
  71  5:56  Stalker  
  71  5:58  Shield Battery  
  71  6:01  Gateway  
  71  6:04  Gateway  
  71  6:07  Pylon, Immortal (Chrono Boost)  
  71  6:08  Pylon  
  71  6:09  Stalker  
  75  6:16  Probe  
  72  6:20  Probe  
  72  6:21  Probe  
  73  6:26  Stalker  
  75  6:34  Probe x2  
  75  6:35  Probe  
  75  6:36  Stalker  
  80  6:46  Probe  
  80  6:47  Probe  
  80  6:50  Stalker  
  80  6:51  Probe  
  78  6:58  Probe (Chrono Boost)  
  78  7:00  Stalker x3  
  85  7:06  Probe (Chrono Boost)  
  85  7:08  Probe (Chrono Boost)  
  85  7:10  Observer  
  85  7:11  Probe (Chrono Boost)  
  85  7:13  Assimilator  
  87  7:16  Charge (Chrono Boost)  
  87  7:18  Probe (Chrono Boost)  
  87  7:19  Probe (Chrono Boost)  
  87  7:21  Probe (Chrono Boost)  
  89  7:26  Probe (Chrono Boost)  
  92  7:30  Probe (Chrono Boost)  
  92  7:31  Probe (Chrono Boost), Forge  
  92  7:32  Probe (Chrono Boost)  
  92  7:35  Robotics Bay  
  93  7:37  Probe  
  93  7:40  Observer, Probe  
  93  7:41  Probe  
  97  7:49  Probe  
  95  7:53  Probe  
  95  7:54  Probe  
  95  7:58  Gateway  
  97  8:00  Observer  
  97  8:01  Gateway x2  
  97  8:02  Pylon  
  97  8:05  Protoss Ground Weapons Level 1 (Chrono Boost)  
  97  8:08  Gateway  
  97  8:09  Nexus  
  97  8:10  Pylon  
  97  8:18  Sentry x2  
  101  8:20  Colossus (Chrono Boost)  
  101  8:21  Observer  
  101  8:23  Pylon  
  107  8:30  Stalker x2  
  111  8:37  Photon Cannon  
  111  8:38  Extended Thermal Lance  
  111  8:39  Photon Cannon  
  110  8:44  Probe x2  
  110  8:48  Pylon  
  112  8:49  Pylon, Probe  
  113  9:02  Colossus (Chrono Boost)  
  115  9:04  Probe x3  
  115  9:08  Photon Cannon  
  117  9:18  Photon Cannon  
  114  9:26  Probe x3  
  114  9:28  Shield Battery  
  117  9:31  Gateway  
  117  9:33  Stalker x3, Gateway  
  117  9:36  Templar Archives  
  123  9:44  Forge  
  123  9:46  Pylon  
  123  9:47  Zealot x3  
  123  9:49  Colossus (Chrono Boost)  
  129  9:58  Pylon  
  135  10:13  High Templar x2  
  136  10:14  High Templar  
  136  10:15  High Templar, Zealot x4  
  136  10:16  Observer  
  136  10:17  Pylon  
  136  10:19  Pylon, Archon x2  
  148  10:21  Nexus  
  148  10:24  Pylon  
  148  10:29  Zealot x2  
  148  10:32  Robotics Facility  
  148  10:33  Observer  
  153  10:39  Zealot x3  
  153  10:40  Zealot  
  159  10:54  Warp Prism  
  159  10:55  Zealot  
  159  10:56  Zealot x5  
  160  11:01  Zealot x2  
  160  11:02  Zealot x2  
  158  11:04  Protoss Ground Weapons Level 2 (Chrono Boost)  
  158  11:07  Protoss Ground Armor Level 1 (Chrono Boost)  
  152  11:11  Shield Battery  
  152  11:13  Photon Cannon  
  152  11:17  High Templar x2  
  152  11:18  Zealot x2  
  160  11:19  Observer  
  160  11:23  Archon  
  160  11:30  High Templar x2  
  160  11:31  Zealot x4  
  172  11:34  Archon  
  172  11:43  Zealot x2  
  172  11:46  Gateway  
  176  11:48  Gateway  
  176  11:50  Observer  
  176  12:04  Nexus  
  176  12:05  Zealot  
  176  12:06  Zealot x7  
  176  12:07  Zealot x2  
  153  12:25  Disruptor x2  
  153  12:31  Zealot x8  
  153  12:32  Zealot x2  
  171  12:52  Zealot x8  
  187  13:00  Disruptor x2 (Chrono Boost)  
  193  13:07  High Templar x3  
  193  13:11  High Templar  
  193  13:12  Archon  
  199  13:16  Protoss Ground Weapons Level 3 (Chrono Boost)  
  199  13:17  Archon  
  199  13:20  Pylon  
  199  13:23  Assimilator  
  199  13:27  Observer (Chrono Boost), Assimilator  
  199  13:28  Pylon  
  200  13:39  Assimilator  
  200  13:41  Assimilator  
  200  13:44  Photon Cannon x2  
  200  13:45  Shield Battery  
  200  13:46  Photon Cannon x2, Shield Battery  
  200  13:47  Photon Cannon x2  
  200  13:49  Pylon  
  200  13:50  Photon Cannon  
  166  14:13  Zealot x5  
  166  14:14  Zealot x5  
  162  14:18  Disruptor x2  
  162  14:22  Zealot x2  
  168  14:26  Fleet Beacon  
  168  14:28  Stargate  
  168  14:30  Stargate  
  168  14:31  Protoss Air Weapons Level 1  
  164  14:52  Gravitic Boosters  
  164  14:55  Stalker x6, Observer, Zealot  
  164  14:56  Warp Prism (Chrono Boost), Zealot x5  
  190  15:00  Observer (Chrono Boost)  
  191  15:28  Observer  
  183  15:41  Disruptor  
  180  15:46  Zealot x10  
  180  15:49  Gravitic Drive  
  200  15:54  Pylon  
  196  16:22  Flux Vanes  
  196  16:30  Photon Cannon  
  196  16:32  Shield Battery  
  196  16:33  Photon Cannon  
  194  16:43  Nexus  
  194  16:45  Pylon  
  186  16:47  Disruptor  
  181  16:56  Zealot x6  
  181  16:57  Zealot x6  
  193  17:17  Shield Battery  
  191  17:19  Photon Cannon  
  191  17:21  Photon Cannon  
Tags
 
Add a new tag
Caveats
  • Supply blocks, unpowered buildings, or Contaminate may cause inaccurate times.
  • Supply counts are checked every 10 seconds.